[Event "Titled Tuesday Blitz January 10 Late 2023"]
[White "Taghizadeh, Rayan"]
[Black "Nakamura, Hikaru"]
[WhiteFideId "2054019"]
[BlackFideId "2016192"]
[WhiteElo "2273"]
[BlackElo "2775"]
[Result "0-1"]
[Round "01"]
[TimeControl "180+2"]
[Date "2023.01.10"]
[WhiteClock "0:00:21"]
[BlackClock "0:02:24"]

1. e4 g6 2. d4 Bg7 3. Nf3 c6 4. Be2 d5 5. Nbd2 Bg4 6. c3 dxe4 7. Nxe4 Nf6 8. Nxf6+ exf6 9. h3 Be6 10. O-O O-O 11. Ne1 Nd7 12. Nd3 Re8 13. Bf4 a5 14. a4 Bf8 15. Re1 Qb6 16. Qd2 Rad8 17. Bf3 Bc4 18. Rxe8 Rxe8 19. Re1 Rd8 20. Nc1 c5 21. d5 Bd6 22. Bxd6 Qxd6 23. b3 Ba6 24. c4 b6 25. Nd3 Kg7 26. Qe3 h5 27. g3 h4 28. Kg2 Rh8 29. Qe7 Qxe7 30. Rxe7 Rd8 31. Nf4 Kf8 32. Re3 hxg3 33. fxg3 Ne5 34. Nd3 Nd7 35. g4 Bc8 36. h4 Kg7 37. Kg3 Nf8 38. Re7 Bd7 39. g5 Nh7 40. Kf4 Kf8 41. Re3 Bf5 42. gxf6 Bxd3 43. Rxd3 Nxf6 44. Re3 Ne8 45. h5 gxh5 46. Bxh5 Nd6 47. Bg4 Kg7 48. Bf5 Kf6 49. Bg4 Rh8 50. Rf3 Rh1 51. Re3 Rf1+ 52. Rf3 Rxf3+ 53. Bxf3 Nf5 54. Be2 Nd4 55. Bd1 Nf5 56. Bc2 Ne7 57. Be4 Nc8 58. Bf3 Nd6 59. Bg4 Ke7 60. Bh3 Ne8 61. Bg4 Nf6 62. Bf3 Kd6 63. Kg5 Nd7 64. Kf4 Ne5 65. Be2 f6 66. Kf5 Ke7 67. Ke4 Nf7 68. Kf5 Nd6+ 69. Kf4 Kf7 70. Bg4 Kg6 71. Be2 Kg7 72. Bd3 Kf7 73. Kg4 Ke7 74. Kf4 Nf7 75. Kg4 Ne5+ 0-1


[Site "https://www.chess.com"]

[Event "Titled Tuesday Blitz January 10 Late 2023"]
[White "Dubov, Daniil"]
[Black "Abdulla, Murad"]
[WhiteFideId "24126055"]
[BlackFideId "2403757"]
[WhiteElo "2708"]
[BlackElo "2307"]
[Result "1-0"]
[Round "01"]
[TimeControl "180+2"]
[Date "2023.01.10"]
[WhiteClock "0:01:49"]
[BlackClock "0:00:03"]

1. d4 Nf6 2. Nf3 e6 3. Bg5 d5 4. Nbd2 Be7 5. e3 O-O 6. Bd3 Nbd7 7. c3 h6 8. Bh4 c5 9. O-O b6 10. Ne5 Nxe5 11. dxe5 Nd7 12. Bxe7 Qxe7 13. f4 f5 14. exf6 Nxf6 15. Nf3 Ng4 16. Qe1 e5 17. h3 e4 18. hxg4 exd3 19. Ne5 Qe6 20. Nxd3 Qxg4 21. Ne5 Qf5 22. Rd1 Be6 23. Qg3 Rad8 24. Rd2 Bf7 25. Qf3 Qe4 26. Qxe4 dxe4 27. Rfd1 Rxd2 28. Rxd2 Bxa2 29. Rd7 a5 30. g4 Rf6 31. Kg2 a4 32. Kg3 b5 33. Rb7 Bc4 34. Rc7 Rd6 35. Rxc5 Be2 36. Rc8+ Kh7 37. f5 Bc4 38. Nxc4 bxc4 39. Rxc4 Rb6 40. Rb4 Rd6 41. Rxe4 Rd2 42. Rb4 Re2 43. Kf3 Rd2 44. e4 Kg8 45. e5 Kf7 46. Rb7+ Kf8 47. e6 a3 48. bxa3 Rd3+ 49. Ke4 Rxc3 50. Ra7 Rc4+ 51. Kf3 Rd4 52. a4 Rd5 53. a5 1-0


[Site "https://www.chess.com"]

[Event "Titled Tuesday Blitz January 10 Late 2023"]
[White "Suvorov, Alexander"]
[Black "Fedoseev, Vladimir"]
[WhiteFideId "12977063"]
[BlackFideId "24130737"]
[WhiteElo "2338"]
[BlackElo "2680"]
[Result "0-1"]
[Round "01"]
[TimeControl "180+2"]
[Date "2023.01.10"]
[WhiteClock "0:01:11"]
[BlackClock "0:01:10"]

1. d4 Nf6 2. Nf3 e6 3. c4 d5 4. Nc3 Ne4 5. e3 c6 6. Nxe4 dxe4 7. Nd2 f5 8. f3 Bd6 9. Qe2 O-O 10. b3 e5 11. Bb2 exd4 12. Bxd4 Qa5 13. a3 c5 14. Bb2 Nc6 15. O-O-O Be5 16. f4 Bxb2+ 17. Kxb2 Be6 18. g4 Rad8 19. gxf5 Bxf5 20. Bg2 Bg4 21. Qxg4 Rxd2+ 22. Rxd2 Qxd2+ 23. Kb1 Qxe3 24. Qe6+ Kh8 25. Qxe4 Qxb3+ 26. Kc1 Qxa3+ 27. Kb1 Nb4 28. Re1 Qb3+ 29. Kc1 Na2+ 30. Kd2 Rd8+ 31. Ke2 Nc3+ 0-1


[Site "https://www.chess.com"]

[Event "Titled Tuesday Blitz January 10 Late 2023"]
[White "Naroditsky, Daniel"]
[Black "Poltorak, Sebastian"]
[WhiteFideId "2026961"]
[BlackFideId "1199498"]
[WhiteElo "2618"]
[BlackElo "2354"]
[Result "1-0"]
[Round "01"]
[TimeControl "180+2"]
[Date "2023.01.10"]
[WhiteClock "0:01:19"]
[BlackClock "0:00:57"]

1. e4 c6 2. Nc3 d5 3. Qf3 e6 4. d4 dxe4 5. Qxe4 Nd7 6. Nf3 Ngf6 7. Qh4 Be7 8. Bg5 h6 9. Bd3 Nd5 10. Bxe7 Qxe7 11. Qg3 O-O 12. O-O Nxc3 13. bxc3 Nf6 14. Ne5 Nd5 15. c4 Nf6 16. c5 Bd7 17. Rab1 Rab8 18. Nc4 Nd5 19. Be4 b6 20. cxb6 Nxb6 21. Ne5 Rfc8 22. Bxc6 Qd8 23. Qf3 f6 24. Bxd7 Rc3 1-0


[Site "https://www.chess.com"]

[Event "Titled Tuesday Blitz January 10 Late 2023"]
[White "Al-Tarboush, Ward"]
[Black "Duda, Jan-Krzysztof"]
[WhiteFideId "7601450"]
[BlackFideId "1170546"]
[WhiteElo "2256"]
[BlackElo "2724"]
[Result "0-1"]
[Round "01"]
[TimeControl "180+2"]
[Date "2023.01.10"]
[WhiteClock "0:00:15"]
[BlackClock "0:01:00"]

1. e4 e6 2. d4 c5 3. d5 exd5 4. exd5 d6 5. Nf3 a6 6. a4 Bg4 7. h3 Bh5 8. g4 Bg6 9. Bg2 Be7 10. O-O Nf6 11. c4 O-O 12. Nc3 Ne4 13. Nxe4 Bxe4 14. Re1 Bxf3 15. Qxf3 Bf6 16. Qg3 Be5 17. Bf4 Nd7 18. Bxe5 Nxe5 19. b3 g5 20. Rad1 Qf6 21. Be4 Rab8 22. Bf5 b5 23. axb5 axb5 24. f4 gxf4 25. Qxf4 bxc4 26. Rf1 Qh4 27. bxc4 Rb2 28. Rd2 Rxd2 29. Qxd2 Qg3+ 30. Qg2 Qxg2+ 31. Kxg2 Nxc4 32. Rf4 Ne3+ 33. Kf3 Nxd5 34. Re4 h6 35. h4 Kg7 36. g5 hxg5 37. hxg5 Ra8 38. Rh4 Ra3+ 39. Kf2 Ne7 40. Bb1 Rb3 41. Rh7+ Kg8 42. Rh1 d5 43. Ke2 c4 44. Kd2 Rg3 45. Re1 Nc6 46. Re8+ Kg7 47. Rc8 Nd4 48. g6 fxg6 49. Rd8 c3+ 50. Ke1 Rg1+ 0-1


[Site "https://www.chess.com"]

[Event "Titled Tuesday Blitz January 10 Late 2023"]
[White "Vachier-Lagrave, Maxime"]
[Black "Kleiman, Jake"]
[WhiteFideId "623539"]
[BlackFideId "2020041"]
[WhiteElo "2742"]
[BlackElo "2399"]
[Result "1-0"]
[Round "01"]
[TimeControl "180+2"]
[Date "2023.01.10"]
[WhiteClock "0:00:23"]
[BlackClock "0:00:05"]

1. d4 Nf6 2. Bf4 e6 3. e3 d5 4. Nd2 Bd6 5. Ngf3 O-O 6. c3 b6 7. h4 c5 8. Ne5 Qc7 9. h5 Nfd7 10. Ndf3 f6 11. Ng6 hxg6 12. Bxd6 Qxd6 13. hxg6 Re8 14. Nd2 Kf8 15. Rh7 f5 16. Qh5 Nf6 17. Qh4 Ba6 18. Nf3 Bxf1 19. Kxf1 Nc6 20. Ng5 Ne7 21. Rh8+ Neg8 22. Nf7 Qc7 23. Rd1 Ke7 24. c4 cxd4 25. cxd5 exd5 26. exd4 Kd7 27. Qg5 Qc2 28. Rc1 Qe2+ 29. Kg1 Qg4 30. Qd2 Rac8 31. Ne5+ Rxe5 32. dxe5 Ne4 33. Qxd5+ Ke7 34. Qf7+ Kd8 35. Rxg8# 1-0


[Site "https://www.chess.com"]

[Event "Titled Tuesday Blitz January 10 Late 2023"]
[White "Musovic, Armin"]
[Black "Sarana, Alexey"]
[WhiteFideId "939935"]
[BlackFideId "24133795"]
[WhiteElo "2261"]
[BlackElo "2685"]
[Result "1-0"]
[Round "01"]
[TimeControl "180+2"]
[Date "2023.01.10"]
[WhiteClock "0:00:13"]
[BlackClock "0:00:08"]

1. a3 e5 2. Nc3 f5 3. d4 e4 4. Nh3 d5 5. Bf4 h6 6. Nb5 Na6 7. c4 Nf6 8. e3 Be7 9. Nc3 c6 10. Be5 Nc7 11. Bxf6 Bxf6 12. Qh5+ Kf8 13. Nf4 Qe8 14. Qxe8+ Kxe8 15. cxd5 g5 16. Nh5 Be7 17. Bc4 Rf8 18. dxc6 bxc6 19. Rc1 Rb8 20. Rc2 Bd6 21. h4 g4 22. g3 Ke7 23. Kd2 Be6 24. Na4 Nd5 25. Rhc1 Bf7 26. Nf4 Rfd8 27. Bxd5 cxd5 28. Ne2 Rb3 29. Nc5 Rb6 30. Nc3 Rdb8 31. N3a4 Rb5 32. Na6 Rd8 33. b4 h5 34. Rc6 Rb7 35. N6c5 Rbb8 36. Ra6 Ra8 37. Nb7 Rd7 38. Nxd6 Rxd6 39. Rc7+ Rd7 40. Rxd7+ Kxd7 41. Nc5+ Kc7 42. Kc3 Be8 43. a4 Rc8 44. b5 Kb8 45. Kb4 Rc7 46. Re6 Rc8 47. Re7 f4 48. gxf4 Bg6 49. Na6+ Ka8 50. Nc5 Bf5 51. Rf7 Bg6 52. Rg7 Bf5 53. Rg5 Rf8 54. a5 Bc8 55. Rg7 Rf6 56. a6 Kb8 57. Re7 Rg6 58. Re8 g3 59. fxg3 Rxg3 60. Ne6 Rxe3 61. Kc5 Rc3+ 62. Kxd5 e3 63. Nc5 Kc7 64. Re7+ Kb6 65. Re5 Bg4 66. f5 Ra3 67. f6 e2 68. f7 Rf3 69. Rxe2 Rxf7 70. Re5 Kxb5 71. Ne4 Rd7+ 72. Nd6+ Kb6 73. Rg5 Kc7 74. Rg6 Bf3+ 75. Kc5 Bg4 76. Nb5+ Kd8 77. Rg8+ Ke7 78. Rg7+ Kf6 79. Rxd7 Bxd7 80. Nxa7 Kf5 81. d5 Kg4 82. Nc6 Bc8 83. a7 Bb7 84. d6 Kxh4 85. d7 Kg3 86. d8=Q h4 87. Qg5+ Kh3 88. Na5 Ba8 89. Kd4 Kh2 90. Ke3 h3 91. Kf2 Bg2 92. a8=Q Bxa8 93. Qg1# 1-0


[Site "https://www.chess.com"]

[Event "Titled Tuesday Blitz January 10 Late 2023"]
[White "Andreikin, Dmitry"]
[Black "Martynov, Pavel"]
[WhiteFideId "4158814"]
[BlackFideId "4101260"]
[WhiteElo "2729"]
[BlackElo "2414"]
[Result "1-0"]
[Round "01"]
[TimeControl "180+2"]
[Date "2023.01.10"]
[WhiteClock "0:02:12"]
[BlackClock "0:01:24"]

1. Nc3 c5 2. e4 e6 3. g3 Nc6 4. Bg2 g6 5. Nge2 Bg7 6. O-O Nge7 7. d3 d6 8. Be3 e5 9. f4 f5 10. fxe5 Nxe5 11. Bg5 h6 12. Bxe7 Qxe7 13. Nd5 Qf7 14. Nef4 O-O 15. c3 g5 16. Nh5 Be6 17. Ne3 Ng4 18. Nxg4 1-0


[Site "https://www.chess.com"]

[Event "Titled Tuesday Blitz January 10 Late 2023"]
[White "Krallis, Christos"]
[Black "Sevian, Samuel"]
[WhiteFideId "4298896"]
[BlackFideId "2040506"]
[WhiteElo "2344"]
[BlackElo "2684"]
[Result "0-1"]
[Round "01"]
[TimeControl "180+2"]
[Date "2023.01.10"]
[WhiteClock "0:00:04"]
[BlackClock "0:01:03"]

1. d4 Nf6 2. Nf3 d5 3. c4 e6 4. Nc3 a6 5. e3 Be7 6. b3 O-O 7. Bb2 b6 8. Bd3 dxc4 9. bxc4 Bb7 10. O-O c5 11. Qe2 cxd4 12. exd4 Nc6 13. Rad1 Rc8 14. Rfe1 Re8 15. Bb1 Na5 16. Ne5 Bb4 17. a3 Bf8 18. Qd3 g6 19. d5 exd5 20. Nxd5 Nxd5 21. cxd5 Bg7 22. d6 Qg5 23. Qg3 Qxg3 24. hxg3 Rcd8 25. Ba2 Bxe5 26. Bxe5 Bc6 27. g4 b5 28. Bf4 Rxe1+ 29. Rxe1 Nc4 30. Re7 Nxd6 31. Rc7 Be8 32. f3 a5 33. Ra7 a4 34. Bg5 Rc8 35. Be7 Nc4 36. Bb4 Bc6 37. Bxc4 bxc4 38. Bc3 h6 39. Kf2 Rd8 40. Rc7 Bd5 41. Bf6 Re8 42. Rc5 Be6 43. Kg3 g5 44. f4 gxf4+ 45. Kxf4 Kh7 46. g5 Kg6 47. Bc3 h5 48. Ra5 Rd8 49. Rxa4 Rd3 50. Be5 Rd2 51. g3 Rf2+ 52. Ke3 Rf1 53. Ra5 Rd1 54. Rc5 Kxg5 55. Bf4+ Kf6 56. Rxh5 Rd3+ 57. Kf2 Rxa3 58. Rc5 Rb3 59. Ke2 Rd3 60. Kf2 Bd5 61. Ke2 Kf5 62. Kf2 Ke4 63. Rc7 Rb3 64. Re7+ Be6 65. Rc7 Rb2+ 66. Ke1 Kd3 67. Be5 Re2+ 68. Kd1 Rxe5 0-1


[Site "https://www.chess.com"]

[Event "Titled Tuesday Blitz January 10 Late 2023"]
[White "Theodorou, Nikolas"]
[Black "Gavilan Diaz, Mario"]
[WhiteFideId "4262875"]
[BlackFideId "2260905"]
[WhiteElo "2591"]
[BlackElo "2271"]
[Result "1-0"]
[Round "01"]
[TimeControl "180+2"]
[Date "2023.01.10"]
[WhiteClock "0:02:15"]
[BlackClock "0:01:25"]

1. e4 e6 2. d4 d5 3. Nd2 c5 4. Ngf3 cxd4 5. Nxd4 Nf6 6. exd5 Qxd5 7. Nb5 Na6 8. Nc3 Qd8 9. a3 Be7 10. Qf3 O-O 11. Bxa6 e5 12. Bxb7 Bg4 13. Qd3 Rb8 14. Qxd8 Rfxd8 15. Ba6 Bf5 16. Bd3 Bxd3 17. cxd3 Rxd3 18. O-O Rbd8 19. Nc4 e4 20. Ne5 R3d6 21. Be3 Re6 22. Nc4 Rc6 23. Na5 Rc7 24. Rfd1 Rb8 25. Rab1 h5 26. Bf4 1-0


[Site "https://www.chess.com"]

[Event "Titled Tuesday Blitz January 10 Late 2023"]
[White "Defend, Balint"]
[Black "Deac, Bogdan-Daniel"]
[WhiteFideId "17004853"]
[BlackFideId "1226380"]
[WhiteElo "1673"]
[BlackElo "2700"]
[Result "1/2-1/2"]
[Round "01"]
[TimeControl "180+2"]
[Date "2023.01.10"]
[WhiteClock "0:00:36"]
[BlackClock "0:00:04"]

1. e4 g6 2. d4 Bg7 3. Bc4 c6 4. Bb3 d5 5. e5 a5 6. c3 Nh6 7. Ne2 O-O 8. O-O f6 9. f4 Bg4 10. Be3 Qb6 11. Nd2 a4 12. Bc2 Qxb2 13. Rc1 Qxa2 14. h3 Bf5 15. g4 Bxc2 16. Rxc2 Qa3 17. Qb1 e6 18. Qxb7 Na6 19. Qxc6 Rfe8 20. exf6 Bf8 21. f5 exf5 22. Qxd5+ Nf7 23. Nc4 Qb3 24. Rb2 Rad8 25. Qxd8 Qxb2 26. Nxb2 Nxd8 27. Nc4 Nc7 28. Ne5 Nd5 29. Bg5 Nf7 30. gxf5 Nxg5 31. fxg6 hxg6 32. f7+ Nxf7 33. Rxf7 Rxe5 34. Rxf8+ Kxf8 35. dxe5 a3 36. Nd4 a2 37. Nb3 Nxc3 38. Kf2 Ke7 39. Ke3 Ke6 40. Kf4 Nd5+ 41. Kg5 Kxe5 42. Kxg6 Nf4+ 43. Kg5 Nxh3+ 44. Kg4 Ng1 45. Kg3 Kd5 46. Kf2 Kc4 47. Na1 Kc3 48. Ke3 Nh3 49. Ke2 Kb2 50. Kd2 Kxa1 51. Kc2 Ng5 52. Kc1 Ne6 53. Kc2 Nc5 54. Kc1 Nb7 55. Kc2 Nd6 56. Kc1 Nf7 57. Kc2 Ng5 58. Kc1 Nf3 59. Kc2 Nd4+ 60. Kc1 Nb5 61. Kc2 Na3+ 62. Kc1 Nb1 63. Kc2 Nd2 64. Kc1 Nc4 65. Kc2 Ne5 66. Kc1 Nd7 67. Kc2 Nb8 68. Kc1 Nc6 69. Kc2 Nd4+ 70. Kc1 Nf3 71. Kc2 Ng1 72. Kc1 Nh3 73. Kc2 Nf4 74. Kc1 Ne6 75. Kc2 Nc5 76. Kc1 Nd3+ 77. Kc2 Nb2 78. Kc1 Nd3+ 79. Kc2 Nb4+ 80. Kc1 Nd5 81. Kc2 Ne3+ 82. Kc1 Nc4 83. Kc2 Nb2 84. Kc1 Nd3+ 1/2-1/2


[Site "https://www.chess.com"]

[Event "Titled Tuesday Blitz January 10 Late 2023"]
[White "Bortnyk, Olexandr"]
[Black "Suvorov, Luca"]
[WhiteFideId "14120828"]
[BlackFideId "12977071"]
[WhiteElo "2605"]
[BlackElo "2310"]
[Result "1-0"]
[Round "01"]
[TimeControl "180+2"]
[Date "2023.01.10"]
[WhiteClock "0:00:16"]
[BlackClock "0:00:08"]

1. e4 e5 2. Bc4 Nf6 3. d3 Nc6 4. Nc3 Na5 5. Nge2 a6 6. O-O b5 7. Bb3 Nxb3 8. axb3 Bb7 9. f4 Bc5+ 10. Kh1 Ng4 11. Qe1 d6 12. Qg3 h5 13. h3 Qe7 14. b4 Bb6 15. f5 O-O-O 16. Nd5 Bxd5 17. exd5 Kb7 18. c4 Nf6 19. Bg5 Ra8 20. Nc3 Qd7 21. Bxf6 gxf6 22. Ne4 Bd4 23. Nxf6 Qd8 24. Ne4 Bxb2 25. Ra2 Bd4 26. f6 Qd7 27. Qf3 h4 28. c5 dxc5 29. d6 Qc6 30. bxc5 Rac8 31. Rb1 Rhg8 32. Rb3 Rg6 33. Rba3 Ra8 34. Qh5 b4 35. Rb3 a5 36. Qxh4 Bxc5 37. dxc7 Bd4 38. Qe1 a4 39. Rxb4+ Kc8 40. Rc4 Qb5 41. Nd6+ Kd7 42. Nxb5 1-0


[Site "https://www.chess.com"]

[Event "Titled Tuesday Blitz January 10 Late 2023"]
[White "Danielyan, Vahe"]
[Black "Caruana, Fabiano"]
[WhiteFideId "13304828"]
[BlackFideId "2020009"]
[WhiteElo "2346"]
[BlackElo "2764"]
[Result "0-1"]
[Round "01"]
[TimeControl "180+2"]
[Date "2023.01.10"]
[WhiteClock "0:00:37"]
[BlackClock "0:01:50"]

1. e4 e5 2. Nf3 Nc6 3. Bb5 Nf6 4. Nc3 Nd4 5. O-O Nxb5 6. Nxb5 c6 7. Nc3 d6 8. d4 Qc7 9. h3 Be7 10. a4 O-O 11. Bg5 h6 12. Bxf6 Bxf6 13. d5 Be7 14. Qd3 f5 15. Rfe1 fxe4 16. Nxe4 Bf5 17. Rad1 Kh8 18. Qb3 Rad8 19. Ng3 Bg6 20. dxc6 bxc6 21. Qc3 Bf6 22. Ne4 d5 23. Nxf6 gxf6 24. Qe3 Qg7 25. c3 Rg8 26. Nh4 Be4 27. f3 Bh7 28. g4 Rde8 29. Rd2 f5 30. Rde2 e4 31. Kh1 Qf6 32. Qf2 f4 33. Ng2 e3 34. Qh4 Qxh4 35. Nxh4 c5 36. Rd1 Rd8 37. Ng2 Rgf8 38. Ne1 d4 39. cxd4 cxd4 40. Nd3 Rc8 41. b4 Rc3 42. Nc5 d3 43. Ree1 d2 44. Rg1 Bc2 45. Ra1 e2 0-1


[Site "https://www.chess.com"]

[Event "Titled Tuesday Blitz January 10 Late 2023"]
[White "Xiong, Jeffery"]
[Black "Karwowski, Kacper"]
[WhiteFideId "2047640"]
[BlackFideId "1126032"]
[WhiteElo "2692"]
[BlackElo "2164"]
[Result "1-0"]
[Round "01"]
[TimeControl "180+2"]
[Date "2023.01.10"]
[WhiteClock "0:00:34"]
[BlackClock "0:00:09"]

1. e4 c5 2. Nf3 e6 3. c3 Nf6 4. Bd3 Nc6 5. Bc2 c4 6. b3 cxb3 7. axb3 Be7 8. d4 d6 9. O-O e5 10. d5 Nb8 11. Na3 O-O 12. h3 Nbd7 13. Be3 a6 14. Nc4 b5 15. Na5 Qc7 16. Nc6 Re8 17. Nxe7+ Rxe7 18. Nh4 Re8 19. Nf5 Nc5 20. Qf3 Bxf5 21. Qxf5 a5 22. b4 axb4 23. cxb4 Na4 24. Bd3 Reb8 25. Rac1 Qd7 26. Qxd7 Nxd7 27. Rc6 Nb2 28. Be2 Ra4 29. Rxd6 Nf6 30. f3 Rxb4 31. Rb1 Rc8 32. Rc6 Ra8 33. Bd2 Rb3 34. Rc2 Ra2 35. Rc8+ 1-0


[Site "https://www.chess.com"]

[Event "Titled Tuesday Blitz January 10 Late 2023"]
[White "Roberson, Peter T"]
[Black "Chigaev, Maksim"]
[WhiteFideId "412384"]
[BlackFideId "4108116"]
[WhiteElo "2430"]
[BlackElo "2628"]
[Result "0-1"]
[Round "01"]
[TimeControl "180+2"]
[Date "2023.01.10"]
[WhiteClock "0:00:02"]
[BlackClock "0:00:06"]

1. e3 g6 2. Nf3 Bg7 3. d4 Nf6 4. Be2 O-O 5. O-O c5 6. dxc5 Na6 7. Bxa6 bxa6 8. Nc3 Rb8 9. e4 Bb7 10. Qd3 Qa5 11. Be3 Bc6 12. Rab1 Ng4 13. Bd4 Bxd4 14. Nxd4 Qxc5 15. Nxc6 dxc6 16. Qxa6 Rfd8 17. Qe2 h5 18. h3 Ne5 19. Rfd1 Rxd1+ 20. Nxd1 Rd8 21. Ne3 Qb4 22. Rd1 Rd6 23. Rxd6 exd6 24. Qa6 Qxb2 25. Qxa7 Kg7 26. a4 Qc1+ 27. Nf1 c5 28. Qa6 Qxc2 29. Qxd6 Nd3 30. Qg3 c4 31. a5 Qa2 32. Qe3 Qxa5 33. Qd4+ Qe5 34. Qxc4 Nf4 35. Kh2 h4 36. Kg1 Kg8 37. Qb4 Ne6 38. Qd2 Qxe4 39. Qe3 Qc4 40. Nd2 Qc1+ 41. Kh2 Qc7+ 42. Kg1 Qd6 43. Nf3 Qd1+ 44. Qe1 Qd6 45. Qe5 Qd1+ 46. Qe1 Qa4 47. Qe5 Nf4 48. Qb8+ Kh7 49. Ng5+ Kh6 50. Nxf7+ Kg7 51. Ng5 Ne2+ 52. Kf1 Qd1# 0-1


[Site "https://www.chess.com"]

[Event "Titled Tuesday Blitz January 10 Late 2023"]
[White "Bluebaum, Matthias"]
[Black "gshwbedhkhd"]
[WhiteFideId "24651516"]
[WhiteElo "2669"]
[BlackElo "2527"]
[Result "1-0"]
[Round "01"]
[TimeControl "180+2"]
[Date "2023.01.10"]
[WhiteClock "0:01:11"]
[BlackClock "0:00:04"]

1. d4 f5 2. Nf3 Nf6 3. c4 g6 4. e3 Bg7 5. b4 O-O 6. Be2 d6 7. Bb2 c6 8. O-O Qe8 9. a4 h6 10. Qb3 g5 11. b5 g4 12. Nfd2 Nbd7 13. Nc3 e5 14. Ba3 c5 15. dxe5 dxe5 16. Nd5 Qd8 17. Rad1 b6 18. f4 e4 19. Bb2 Bb7 20. Nb1 Rc8 21. Nbc3 Qe8 22. Nxf6+ Nxf6 23. Nd5 Nxd5 24. Bxg7 Kxg7 25. cxd5 Rd8 26. d6 Rf6 27. Qc3 Kg6 28. h3 h5 29. hxg4 hxg4 30. Kf2 Rfxd6 31. Rxd6+ Rxd6 32. Rh1 Rd8 33. Bc4 Qf8 34. Qe5 Rd2+ 35. Kg3 Rd6 36. Rh8 Qf6 37. Qe8+ Kg7 38. Qg8# 1-0


[Site "https://www.chess.com"]

[Event "Titled Tuesday Blitz January 10 Late 2023"]
[White "Belenkaya, Dina"]
[Black "Paravyan, David"]
[WhiteFideId "24142654"]
[BlackFideId "4194985"]
[WhiteElo "2267"]
[BlackElo "2601"]
[Result "0-1"]
[Round "01"]
[TimeControl "180+2"]
[Date "2023.01.10"]
[WhiteClock "0:00:04"]
[BlackClock "0:00:06"]

1. Nf3 Nf6 2. g3 g6 3. Bg2 Bg7 4. O-O O-O 5. d3 d5 6. Nbd2 c5 7. e4 Nc6 8. c3 Qc7 9. Qe2 e5 10. Rd1 d4 11. a4 h6 12. Nc4 Be6 13. h3 Rad8 14. Bd2 Bxc4 15. dxc4 a5 16. Ne1 Rd7 17. Nd3 b6 18. f4 Rfd8 19. Be1 dxc3 20. bxc3 exf4 21. gxf4 Nh5 22. e5 Kh7 23. Bd5 Ne7 24. Bxf7 Rxd3 25. Rxd3 Nxf4 26. Qe4 Nxd3 27. e6 Qf4 28. Qg2 Nxe1 29. Rxe1 Rd2 30. Re2 Rxe2 31. Qxe2 Bxc3 32. Qd3 Qd4+ 33. Qxd4 Bxd4+ 34. Kg2 Kg7 35. Kf3 Nf5 36. Ke4 Kf6 37. Kd5 h5 38. Kc6 Bc3 39. Kd7 Ne7 40. Kc7 Bb4 41. Kxb6 h4 42. Kc7 g5 43. Kd7 g4 44. hxg4 Bd2 45. g5+ Bxg5 46. Kd6 h3 47. Bh5 h2 48. Bf3 Be3 49. Bd5 Nxd5 50. cxd5 h1=Q 51. e7 Qh8 52. Kd7 Ke5 53. d6 Kd5 54. e8=Q Qxe8+ 55. Kxe8 Kxd6 56. Kd8 c4 0-1


[Site "https://www.chess.com"]

[Event "Titled Tuesday Blitz January 10 Late 2023"]
[White "Van Foreest, Jorden"]
[Black "Winterberg, Lukas"]
[WhiteFideId "1039784"]
[BlackFideId "24622702"]
[WhiteElo "2689"]
[BlackElo "2402"]
[Result "0-1"]
[Round "01"]
[TimeControl "180+2"]
[Date "2023.01.10"]
[WhiteClock "0:01:10"]
[BlackClock "0:00:32"]

1. e4 e6 2. d4 d5 3. e5 c5 4. c3 Nc6 5. Nf3 Nge7 6. Na3 cxd4 7. cxd4 Nf5 8. Nc2 f6 9. exf6 Qxf6 10. Bg5 Qf7 11. Bd3 Bd6 12. O-O O-O 13. Re1 Bd7 14. Rc1 Kh8 15. Re2 Rae8 16. Bd2 Qh5 17. Bc3 Nfxd4 18. Ncxd4 Nxd4 19. Bxd4 Rxf3 20. g3 e5 21. Bc5 Bxc5 22. Rxc5 Bg4 23. Bb5 Ref8 24. Qxd5 R3f5 25. Rxe5 h6 26. Rxf5 Bxf5 27. Bd7 g6 28. Qe5+ Kh7 29. Bxf5 gxf5 30. Rc7+ Rf7 31. Qxf5+ Qxf5 0-1


[Site "https://www.chess.com"]

[Event "Titled Tuesday Blitz January 10 Late 2023"]
[White "Martinez Reyes, Pedro Ramon"]
[Black "Jobava, Baadur"]
[WhiteFideId "3901807"]
[BlackFideId "13601520"]
[WhiteElo "2376"]
[BlackElo "2578"]
[Result "0-1"]
[Round "01"]
[TimeControl "180+2"]
[Date "2023.01.10"]
[WhiteClock "0:00:44"]
[BlackClock "0:01:17"]

1. e4 e6 2. d4 d5 3. exd5 exd5 4. Bd3 Bd6 5. Ne2 Nc6 6. c3 Nge7 7. Qc2 g6 8. Bg5 O-O 9. Ng3 f6 10. Bh6 Rf7 11. O-O Bxg3 12. hxg3 Bf5 13. Nd2 Qd7 14. Rfe1 Re8 15. Re2 Bxd3 16. Qxd3 Nf5 17. Be3 Rfe7 18. Rae1 Kf7 19. Bf4 Rxe2 20. Rxe2 Rxe2 21. Qxe2 h5 22. Qb5 b6 23. Kf1 g5 24. Be3 Qe6 25. Qd3 Nce7 26. Kg1 c6 27. Nf1 Kg7 28. a4 Nd6 29. a5 b5 30. Qd1 Kg6 31. b4 Nef5 32. Bc1 Nc4 33. g4 hxg4 34. Nh2 g3 35. fxg3 Nxg3 36. Qd3+ Ne4 37. Nf3 Qf5 38. a6 Ng3 39. Ne5+ Nxe5 40. Qxg3 Qd3 41. Qxd3+ Nxd3 42. Bd2 Kf5 43. Kf1 Ke4 44. Ke2 Nf4+ 45. Kf2 Ne6 46. Ke2 Nc7 47. Be1 f5 48. Bg3 f4 49. Bf2 Nxa6 50. g3 f3+ 0-1


[Site "https://www.chess.com"]

[Event "Titled Tuesday Blitz January 10 Late 2023"]
[White "Martinez Alcantara, Jose Eduardo"]
[Black "Ozates, Tuna"]
[WhiteFideId "3805662"]
[BlackFideId "6354521"]
[WhiteElo "2619"]
[BlackElo "2251"]
[Result "1-0"]
[Round "01"]
[TimeControl "180+2"]
[Date "2023.01.10"]
[WhiteClock "0:02:13"]
[BlackClock "0:02:44"]

1. e4 c5 2. Nf3 Nc6 3. c3 Nf6 4. Bd3 e5 5. Bc2 d5 6. exd5 Qxd5 7. Qe2 Bd6 8. Bb3 Qe4 9. Bxf7+ Kf8 10. Qxe4 Nxe4 11. Bc4 Nf6 12. d3 Bf5 13. Nh4 Bd7 14. Nd2 Re8 15. Ne4 Nxe4 16. dxe4 Be7 17. Nf3 Bf6 18. Be3 b6 19. O-O-O Ke7 20. Rd2 Rd8 21. Rhd1 Bg4 22. Rxd8 Rxd8 23. Rxd8 Nxd8 24. Nd2 h6 25. Kc2 Bg5 26. Bxg5+ hxg5 27. Nf1 Be6 28. Bxe6 Nxe6 29. Ne3 g6 30. g3 Kd6 31. Nc4+ 1-0


[Site "https://www.chess.com"]

[Event "Titled Tuesday Blitz January 10 Late 2023"]
[White "Pein, Jonathan"]
[Black "Keymer, Vincent"]
[WhiteFideId "417092"]
[BlackFideId "12940690"]
[WhiteElo "2265"]
[BlackElo "2700"]
[Result "0-1"]
[Round "01"]
[TimeControl "180+2"]
[Date "2023.01.10"]
[WhiteClock "0:00:13"]
[BlackClock "0:00:16"]

1. e4 c6 2. b3 d5 3. Bb2 dxe4 4. Nc3 Nf6 5. Nge2 e5 6. Ng3 Bd6 7. Ncxe4 Bc7 8. Qe2 O-O 9. Nxf6+ Qxf6 10. O-O-O a5 11. d4 exd4 12. Bxd4 Qf4+ 13. Kb1 Qg4 14. f3 Qg5 15. Ne4 Qg6 16. Qf2 Nd7 17. h4 f5 18. Bc4+ Kh8 19. h5 Qh6 20. Be3 f4 21. Bd4 b5 22. Bd3 Ne5 23. Qd2 Bf5 24. g4 Nxf3 25. Qc3 Bxg4 26. Qc4 bxc4 27. Bxc4 Nxd4 28. Rxd4 Rad8 29. Rxd8 Rxd8 30. Rg1 Qxh5 31. Nc3 Be5 0-1


[Site "https://www.chess.com"]